 Dungeon Crawl Stone Soup version 0.29.1-1-gd02db6906a (console) character file.

Game seed: 16266145762594620387

329354 erker the Convoker (level 21, -5/184 HPs)
             Began as an Octopode Summoner on Oct 8, 2022.
             Was a Follower of the Shining One.
             Slain by a purple very ugly thing (19 damage)
             ... on level 1 of the Vaults on Oct 9, 2022.
             The game lasted 07:10:16 (53583 turns).

erker the Convoker (Octopode Summoner)             Turns: 53583, Time: 07:10:17

Health: -5/184     AC: 36    Str:  6    XL:     21   Next: 30%
Magic:  36/58      EV: 17    Int: 39    God:    the Shining One [*.....]
Gold:   2805       SH:  0    Dex: 16    Spells: 2/50 levels left

rFire   + . .      SeeInvis +   a - +12 pair of quick blades {protect}
rCold   + + +      Faith    .   (shield currently unavailable)
rNeg    + + +      Spirit   .   x - +2 hood of the Assassin {Detection Stab+ Stlth++}
rPois   ∞          Reflect  .   k - amulet of regeneration
rElec   +          Harm     .   R - ring of resist corrosion
rCorr   +          Rampage  .   Y - ring of magical power
Will    +++..      Rage     3%  B - ring of willpower
Stlth   +++.......              X - +4 ring of protection
HPRegen 1.20/turn               E - ring of Yrirphai {rC+ Int+6}
MPRegen 0.36/turn               t - ring "Peihoq" {rF+ rN+ Will+ Int+6 Dex+3}
                                z - ring "Igeag" {rC+ MP+9 Stlth+}
                                S - ring "Zietic Huq" {rC+ rN+ SInv}

@: statue-form, on berserk cooldown, slightly contaminated, glowing, very slow
A: slow and powerful, torment resistance 1, boosted hp, almost no armour,
amphibious, 8 rings, camouflage 1, (gelatinous body 1), (nimble swimmer 1),
tentacles, berserk 1, weak 1
}: 3/15 runes: serpentine, barnacled, slimy
a: End Transformation, Renounce Religion, Divine Shield


You were on level 1 of the Vaults.
You worshipped the Shining One.
The Shining One was aware of your devotion.
You were a living statue of rough stone.
You visited 9 branches of the dungeon, and saw 40 of its levels.
You also visited: Gauntlet, Ice Cave and Desolation.

You collected 13927 gold pieces.
You spent 3841 gold pieces at shops.
You paid 7281 gold pieces to Gozag.

Inventory:

Hand Weapons
 a - the +12 pair of quick blades "Gyre" and "Gimble" (weapon) {protect}
   (You found it on level 12 of the Dungeon)

   It grants its wielder temporary protection when it strikes (+7 to AC).
 i - a +4 vampiric trident
 Z - the +7 dagger of Cehaqyliz {elec, Str+2}
   (You found it on level 4 of the Lair of Beasts)

   It occasionally discharges a powerful burst of electricity upon striking a
   foe.
   Str:       It affects your strength (+2).
Missiles
 A - 7 curare-tipped darts
 T - 8 atropa-tipped darts (quivered)
Armour
 w - an orb of light
 x - the +2 hood of the Assassin (worn) {Detection Stab+ Stlth++}
   (You acquired it on level 5 of the Pits of Slime)

   It allows the wearer to sense nearby creatures.
   It allows the wearer to make particularly effective stabbing attacks against
   helpless or unaware enemies with any weapon.
   Stlth:     It makes you much more stealthy.
Magical Staves
 b - a staff of earth
 m - a staff of cold
 H - a staff of air
Jewellery
 f - a ring of wizardry
 k - an amulet of regeneration (around mantle)
 l - the ring of Doiked {rN+++ Will- Str+5 Int+6 Dex-2}
   (You took it off a deep elf archer on level 2 of the Elven Halls)

   [ring of intelligence]

   Str:       It affects your strength (+5).
   Int:       It affects your intelligence (+6).
   Dex:       It affects your dexterity (-2).
   rN:        It renders you almost immune to negative energy.
   Will:      It decreases your willpower.
 t - the ring "Peihoq" (on tentacle) {rF+ rN+ Will+ Int+6 Dex+3}
   (You acquired it on level 15 of the Dungeon)

   [ring of intelligence]

   Int:       It affects your intelligence (+6).
   Dex:       It affects your dexterity (+3).
   rF:        It protects you from fire.
   rN:        It protects you from negative energy.
   Will:      It increases your willpower.
 v - the ring "Fekkalog" {rF+ SInv Stlth+}
   (You found it on level 5 of the Pits of Slime)

   [ring of protection from fire]

   rF:        It protects you from fire.
   SInv:      It lets you see invisible.
   Stlth:     It makes you more stealthy.
 z - the ring "Igeag" (on tentacle) {rC+ MP+9 Stlth+}
   (You found it on level 2 of the Shoals)

   [ring of protection from cold]

   rC:        It protects you from cold.
   MP:        It affects your magic capacity (+9).
   Stlth:     It makes you more stealthy.
 B - a ring of willpower (on tentacle)
 D - a +6 ring of intelligence
 E - the ring of Yrirphai (on tentacle) {rC+ Int+6}
   (You bought it in a shop on level 14 of the Dungeon)

   [ring of intelligence]

   Int:       It affects your intelligence (+6).
   rC:        It protects you from cold.
 L - a ring of wizardry
 R - a ring of resist corrosion (left tentacle)
 S - the ring "Zietic Huq" (on tentacle) {rC+ rN+ SInv}
   (You took it off a deep elf annihilator on level 3 of the Elven Halls)

   [ring of protection from cold]

   rC:        It protects you from cold.
   rN:        It protects you from negative energy.
   SInv:      It lets you see invisible.
 X - a +4 ring of protection (on tentacle)
 Y - a ring of magical power (right tentacle)
Wands
 g - a wand of mindburst (28)
 q - a wand of charming (31)
 F - a wand of digging (15)
 M - a wand of acid (12)
 P - a wand of iceblast (6)
Scrolls
 j - a scroll of blinking
 s - 4 scrolls of magic mapping
 y - 8 scrolls of butterflies
 G - 3 scrolls of vulnerability
 J - 4 scrolls of poison
 Q - 3 scrolls of silence
 U - 13 scrolls of teleportation
 V - 3 scrolls of fear
 W - a scroll of immolation
Potions
 c - 6 potions of heal wounds
 d - 6 potions of flight
 e - 10 potions of curing
 h - 5 potions of ambrosia
 n - 10 potions of mutation
 o - 5 potions of might
 p - a potion of brilliance
 u - a potion of invisibility
 C - 2 potions of cancellation
 I - 8 potions of haste
 K - 6 potions of resistance
 N - 2 potions of attraction
 O - 5 potions of magic
Miscellaneous
 r - a condenser vane


   Skills:
 + Level 11.8 Fighting
 - Level 8.2 Short Blades
 + Level 10.3 Dodging
 + Level 4.3 Stealth
 + Level 11.8 Unarmed Combat
 + Level 15.0 Spellcasting
 - Level 4.0 Conjurations
 - Level 6.0 Hexes
 + Level 15.3 Summonings
 - Level 7.1 Translocations
 - Level 14.0 Transmutations
 + Level 13.7 Air Magic
 - Level 10.0 Earth Magic
 + Level 1.2 Invocations
 - Level 6.0 Evocations


You had 2 spell levels left.
You knew the following spells:

 Your Spells              Type           Power      Damage    Failure   Level
a - Summon Mana Viper     Hex/Summ       84%        N/A       1%          5
c - Summon Cactus Giant   Summ           49%        N/A       1%          6
g - Summon Guardian Gole  Hex/Summ       84%        N/A       1%          3
i - Irradiate             Conj/Tmut      39%        3d24      1%          5
l - Summon Lightning Spi  Summ/Air       97%        N/A       1%          4
m - Manifold Assault      Tloc           71%        N/A       1%          5
p - Petrify               Tmut/Erth      89%        N/A       1%          4
s - Statue Form           Tmut/Erth      59%        N/A       1%          6
v - Storm Form            Tmut/Air       47%        N/A       3%          7
w - Passwall              Tmut/Erth      74%        N/A       0%          2
x - Apportation           Tloc           100%       N/A       1%          1

Your spell library contained the following spells:

 Spells                   Type           Power      Damage    Failure   Level
 Beastly Appendage        Tmut           100%       N/A       0%          1
 Summon Small Mammal      Summ           100%       N/A       0%          1
 Call Imp                 Summ           99%        N/A       0%          2
 Wereblood                Tmut           95%        N/A       0%          2
 Freeze                   Ice            100%       1d11      1%          1
 Magic Dart               Conj           100%       1d8       1%          1
 Necrotise                Necr           100%       1d9       1%          1
 Sandblast                Erth           100%       2d20      1%          1
 Blink                    Tloc           100%       N/A       1%          2
 Ensorcelled Hibernation  Hex/Ice        100%       N/A       1%          2
 Searing Ray              Conj           100%       2d8       1%          2
 Static Discharge         Conj/Air       78%        3-13/arc  1%          2
 Sublimation of Blood     Necr           29%        N/A       1%          2
 Call Canine Familiar     Summ           99%        N/A       0%          3
 Conjure Flame            Conj/Fire      44%        6-21      1%          3
 Dazzling Flash           Conj/Hex       100%       N/A       1%          3
 Ignite Poison            Fire/Tmut/Pois 60%        N/A       1%          3
 Inner Flame              Hex/Fire       51%        N/A       1%          3
 Spider Form              Tmut/Pois      71%        N/A       1%          3
 Stone Arrow              Conj/Erth      100%       3d13      1%          3
 Airstrike                Air            47%        2d(7-23)  1%          4
 Cause Fear               Hex            33%        N/A       1%          4
 Ice Form                 Ice/Tmut       71%        N/A       1%          4
 Iskenderun's Mystic Bla  Conj/Tloc      64%        2d13      1%          4
 Passage of Golubria      Tloc           71%        N/A       1%          4
 Summon Ice Beast         Ice/Summ       73%        N/A       1%          4
 Lightning Bolt           Conj/Air       39%        1d57      1%          5
 Silence                  Hex/Air        41%        N/A       1%          5
 Summon Forest            Summ/Tloc      43%        N/A       1%          5
 Freezing Cloud           Conj/Ice/Air   33%        6-21      2%          5
 Frozen Ramparts          Ice            58%        1d9       3%          3
 Vampiric Draining        Necr           29%        2d8       3%          3
 Anguish                  Hex/Necr       25%        N/A       3%          4
 Dragon Form              Tmut           47%        N/A       3%          7
 Hailstorm                Conj/Ice       44%        3d10      4%          4
 Sticky Flame             Conj/Fire      44%        2d6       4%          4
 Conjure Ball Lightning   Conj/Air       39%        3x3d13    4%          6
 Iskenderun's Battlesphe  Conj           57%        2d11      6%          5
 Metabolic Englaciation   Hex/Ice        25%        N/A       9%          5
 Dispel Undead            Necr           29%        3d13      11%         4
 Olgreb's Toxic Radiance  Pois           29%        N/A       11%         4
 Fireball                 Conj/Fire      22%        3d10      14%         5
 Summon Horrible Things   Summ           49%        N/A       14%         8
 Agony                    Necr           29%        N/A       30%         5
 Enfeeble                 Hex            33%        N/A       63%         7
 Death Channel            Necr           14%        N/A       86%         6
 Orb of Destruction       Conj           28%        9d9       88%         7
 Dragon's Call            Summ           49%        N/A       91%         9
 Discord                  Hex            33%        N/A       99%         8
 Lehudib's Crystal Spear  Conj/Erth      35%        10d9      99%         8
 Ozocubu's Refrigeration  Ice            14%        4d10      100%        7
 Ignition                 Fire           14%        3d6       100%        8


Dungeon Overview and Level Annotations

Branches:
Dungeon (15/15)            Temple (1/1) D:5            Lair (5/5) D:11
 Shoals (4/4) Lair:2        Snake (4/4) Lair:2        Slime (5/5) Lair:4
    Orc (2/2) D:10            Elf (3/3) Orc:2        Vaults (1/5) D:14
 Depths (0/4) D:15          IceCv (visited)         Desolation (visited)
Gauntlet (visited)

Altars:
Ashenzari
Cheibriados
Dithmenos
Elyvilon
Fedhas
Gozag
Hepliaklqana
Kikubaaqudgha
Makhleb
Nemelex Xobeh
Okawaru
Qazlal
Ru
Sif Muna
Trog
Uskayaw
Vehumet
Wu Jian
Xom
Yredelemnul
Zin
The Shining One
Jiyva
Lugonu

Shops:
D:4 *   D:5 (   D:14 =:=:?[:   D:15 :   Orc:2 [([!   Elf:2 (   Shoals:2 :
Snake:3 (*=   Snake:4 :

Portals:
Abyss: Lair:5
Trove: Elf:2 (give 7 potions of haste)

Annotations:
Snake:2 Asterion
Elf:2 3 runed translucent doors


Innate Abilities, Weirdness & Mutations

You are a living statue of rough stone.
Your actions are slow, but your melee attacks are powerful.
You are resistant to unholy torment.
Your maximum health is greatly increased.
You are immune to poison.
You cannot wear most types of armour.
You are amphibious.
You can wear up to eight rings at the same time.
Your skin changes colour to match your surroundings (Stealth+).
((Your rubbery body absorbs attacks. (AC +1, EV +1)))
((You are camouflaged when in or above water. (Stealth+)))
You have tentacles for arms and can constrict up to eight enemies at once.
You sometimes lose your temper in combat.
You are weak. (Str -2)


Message History

The white very ugly thing basks in the mutagenic energy and changes!
The red very ugly thing tail-slaps you but does no damage.
The red very ugly thing tail-slaps you!!
* * * LOW HITPOINT WARNING * * *
You are covered in liquid flames.
You are covered in liquid flames!
Casting: Irradiate (mildly dangerous; 1% risk of failure)
Confirm with . or Enter, or press ? or * to list all spells.
You are covered in liquid flames!
* * * LOW HITPOINT WARNING * * *
You are no longer on fire.
The red very ugly thing tail-slaps you!!
* * * LOW HITPOINT WARNING * * *
The red very ugly thing tail-slaps you!
* * * LOW HITPOINT WARNING * * *
You are covered in liquid flames.
You are covered in liquid flames!
Blink to where?
Press: ? - help, Dir - move target
As you read the scroll of blinking, it crumbles to dust.
You are covered in liquid flames!
* * * LOW HITPOINT WARNING * * *
You feel much better.
You are covered in liquid flames!
* * * LOW HITPOINT WARNING * * *
The red very ugly thing rages.
Gozag petitions for your drink to fail.
Casting: Summon Cactus Giant (mildly dangerous; 1% risk of failure)
Confirm with . or Enter, or press ? or * to list all spells.
You erupt in a fountain of uncontrolled magic!
The red very ugly thing is blasted with magical radiation!!
The red very ugly thing is severely wounded.
The red very ugly thing basks in the mutagenic energy and changes!
You are lightly contaminated with residual magic.
You feel yourself speed up. The purple very ugly thing claws you!!
* * * LOW HITPOINT WARNING * * *
Your cactus giant barely misses the purple very ugly thing.
The purple very ugly thing claws you!!
You die...

#. .# #....# ..
.################.#...# . #.
...............##.# ...# . #..
...............##.###...##.##...
............)..##)#.##...#+#...#
............[..####..##..C....#
.......†.......#......##))...##
.............).'8uC....')....+.
.............).#......##)....##
...............####..##.).....#
...............##?#.##...#'#...#
...............##.###...##.# ...
...............##.##...# . ..
.################.#...# . .
.######## #....# .. .#......#
...#


You could see a purple very ugly thing (berserk, incited, ally target) and a
friendly cactus giant (summoned).

Vanquished Creatures
  the Royal Jelly (Slime:5)
  Mlioglotl (Shoals:4)
  2 deep elf master archers (Elf:3)
  16 acid blobs
  2 sphinxes (Shoals:4)
  Ilsuiw (Shoals:2)
  13 azure jellies
  3 nagarajas (Snake:4)
  9 rockslimes
  An imperial myrmidon (Desolation)
  Louise (Snake:3)
  3 deep elf elementalists (Elf:3)
  2 vault wardens (Vaults:1)
  A very ugly thing (Vaults:1)
  12 quicksilver oozes
  An ironbound preserver (Vaults:1)
  A dire elephant (Vaults:1)
  A deep elf annihilator (Elf:3)
  A deep elf demonologist (Elf:3)
  A minotaur (Shoals:4)
  A crystal guardian (Desolation)
  2 yaktaur captains (Vaults:1)
  2 merfolk javelineers
  2 merfolk impalers (Shoals:4)
  4 ragged hierophants (Desolation)
  4 vault guards (Vaults:1)
  3 salamander tyrants (Snake:4)
  4 great orbs of eyes
  3 hydras (D:15)
  A rakshasa (D:15)
  2 servants of whispers (Desolation)
  A peacekeeper (Elf:1)
  2 merfolk avatars
  3 ironbound frosthearts (Vaults:1)
  4 anacondas
  A two-headed ogre (shapeshifter) (D:15)
  A centaur warrior (D:15)
  10 satyrs
  A naga warrior (Snake:1)
  11 dancing weapons
  2 orc high priests
  2 thrashing horrors (Lair:5)
  4 shock serpents
  6 deep elf knights
  6 sea snakes
  3 salamander mystics
  4 naga ritualists
  3 deep trolls (Vaults:1)
  4 deep elf archers
  2 glowing orange brains (Slime:5)
  6 ironbound convokers
  10 harpies
  2 orc knights (Elf:2)
  A wizard (Vaults:1)
  13 deep elf zephyrmancers
  6 ugly things
  5 mana vipers
  8 deep elf pyromancers
  An orc sorcerer (Orc:1)
  9 fauns
  5 manticores
  8 salamanders
  5 shining eyes
  A cyclops (Shoals:3)
  14 black mambas
  2 vault sentinels (Vaults:1)
  4 guardian serpents
  3 merfolk sirens
  5 naga magi
  3 cane toads (Lair:5)
  2 eyes of devastation
  A rime drake (Orc:1)
  2 efreet (D:15)
  A kobold demonologist (D:11)
  2 yaktaurs (Vaults:1)
  18 merfolk
  A troll (Elf:1)
  A polar bear (Lair:5)
  A queen bee (shapeshifter) (D:15)
  63 slime creatures
  11 saltlings
  A tarantella (shapeshifter) (D:14)
  2 snapping turtles
  5 wind drakes
  9 blink frogs
  4 air elementals
  2 wraiths (Shoals:1)
  A yak (Lair:4)
  3 water elementals
  A wyvern (Lair:3)
  A ynoxinul (Lair:5)
  A fire elemental (Elf:1)
  14 golden eyes
  A basilisk (Lair:3)
  A warg (Orc:2)
  7 nagas (Snake:4)
  3 water moccasins
  A floating eye (Slime:4)
  5 orc warriors
  A centaur (D:15)
  6 small abominations (Lair:5)
  2 bullfrogs
  5 earth elementals
  A scorpion (D:5)
  2 electric eels
  2 howler monkeys
  A hound (D:5)
  4 orc priests
  3 orc wizards
  3 gnolls (Orc:2)
  5 adders
  2 shadow imps
  A white imp (D:5)
  An ufetubus (D:5)
  A dart slug (D:3)
  13 orcs
  3 bats
  3 endoplasms
  7 goblins
  A hobgoblin (D:2)
  A jackal (D:3)
  3 kobolds
  A quokka (D:2)
  2 ball pythons
  A rat (D:1)
  A bush (D:1)
  A tentacle (Shoals:1)
524 creatures vanquished.

Vanquished Creatures (collateral kills)
  Nikola (Snake:2)
  2 deep elf blademasters (Elf:3)
  3 acid blobs (Slime:5)
  A kraken (Shoals:1)
  A sphinx (Shoals:4)
  Kirke (Shoals:3)
  An azure jelly (Slime:5)
  A deep elf sorcerer (Elf:2)
  3 rockslimes
  A fire giant (Vaults:1)
  A quicksilver ooze (Slime:1)
  Nessos (Lair:4)
  4 deep elf annihilators (Elf:3)
  2 deep elf demonologists (Elf:3)
  3 dire elephants (Vaults:1)
  6 deep elf death magi
  2 merfolk impalers
  2 deep elf high priests (Elf:3)
  2 great orbs of eyes
  A merfolk javelineer (Shoals:3)
  2 hydras
  Josephine (Shoals:1)
  3 salamander tyrants
  2 vault guards (D:14)
  2 boulder beetles
  An ogre mage (D:14)
  A catoblepas (Lair:5)
  2 two-headed ogres
  A merfolk aquamancer (Shoals:1)
  6 dancing weapons
  3 satyrs
  4 naga warriors
  A shock serpent (Snake:3)
  7 deep elf knights
  A thrashing horror (Lair:5)
  A naga sharpshooter (Snake:2)
  4 deep trolls (Vaults:1)
  6 sea snakes
  A death drake (shapeshifter) (Lair:5)
  3 naga ritualists (Snake:4)
  2 deep elf archers
  6 mana vipers
  6 orc knights
  2 harpies (Shoals:4)
  5 orc sorcerers
  12 deep elf pyromancers
  10 fauns
  6 ugly things
  12 deep elf zephyrmancers
  2 shining eyes
  5 salamanders
  5 cyclopes
  6 manticores
  A guardian serpent (Snake:4)
  An elephant (Lair:5)
  9 merfolk sirens
  13 black mambas
  3 ice statues (IceCv)
  3 vault sentinels (Vaults:1)
  A smoke demon (Lair:5)
  2 naga magi
  A water nymph (Shoals:1)
  2 unseen horrors
  5 cane toads
  3 rime drakes
  5 komodo dragons
  2 tengu conjurers (D:13)
  An ancient zyme (Lair:5)
  A polar bear (shapeshifter) (D:13)
  12 merfolk
  A polar bear (Lair:1)
  5 trolls
  11 blink frogs
  3 wind drakes
  24 slime creatures
  4 saltlings (Desolation)
  8 dream sheep (Shoals:3)
  A snapping turtle (Shoals:3)
  A dire elephant simulacrum (IceCv)
  2 shadows (D:11)
  7 wyverns
  A vampire (D:12)
  4 water elementals
  31 yaks
  4 wraiths
  A ynoxinul (Lair:5)
  An air elemental (Elf:3)
  2 large abominations (Lair:5)
  A spriggan (D:12)
  2 fire elementals
  3 basilisks
  4 hogs (Shoals:3)
  3 golden eyes
  3 vampire mosquitoes (D:13)
  2 chaos spawn (Lair:5)
  24 nagas
  A hydra simulacrum (IceCv)
  3 floating eyes (Gauntlet)
  7 water moccasins
  21 orc warriors
  A black bear (D:11)
  14 centaurs
  4 ogres
  3 phantoms
  5 kobold brigands
  An earth elemental (Elf:3)
  A gnoll sergeant (D:12)
  2 scorpions
  2 necrophages
  8 bullfrogs
  2 cane toad simulacra (IceCv)
  2 wights (D:10)
  Dowan (D:7)
  A killer bee (D:8)
  An elephant simulacrum (IceCv)
  6 howler monkeys
  A gnoll bouda (Orc:2)
  6 orc priests
  Jessica (D:3)
  6 iguanas
  12 orc wizards
  2 polar bear simulacra (IceCv)
  Robin (D:3)
  7 gnolls
  An adder (D:6)
  A white imp (D:7)
  2 ufetubi
  3 worms
  A dart slug (D:5)
  47 orcs
  A ball python (D:3)
  5 endoplasms
  2 giant cockroaches
  2 hobgoblins
  A jackal (D:3)
  24 kobolds
  A bat (D:1)
  2 frilled lizards
  8 goblins
  2 rats (D:1)
  3 tentacles (Shoals:1)
616 creatures vanquished.

Vanquished Creatures (others)
  Rupert (Lair:4)
  Donald (Orc:2)
  2 nagarajas
  An azure jelly (Slime:5)
  Aizul (Snake:2)
  A minotaur (Gauntlet)
  A merfolk impaler (Shoals:1)
  A boulder beetle (D:14)
  4 hydras
  An alligator snapping turtle (Shoals:4)
  A catoblepas (Lair:2)
  2 vault guards (D:14)
  2 two-headed ogres
  A naga warrior (Snake:3)
  3 anacondas
  4 centaur warriors
  A tengu warrior (D:13)
  3 shock serpents (Snake:1)
  A naga sharpshooter (Snake:2)
  2 deep elf knights
  A deep troll (Vaults:1)
  A naga ritualist (Snake:4)
  An orc knight (Orc:2)
  A deep elf archer (Elf:1)
  A mana viper (Snake:3)
  An ironbound convoker (Desolation)
  An orc sorcerer (Orc:2)
  A faun (Shoals:2)
  An ugly thing (Lair:5)
  A manticore (Shoals:4)
  3 elephants (Lair:5)
  A merfolk siren (Shoals:1)
  6 black mambas
  2 naga magi
  Maurice (D:12)
  2 gargoyles
  An eye of devastation (Gauntlet)
  2 komodo dragons
  2 polar bears
  5 trolls
  2 slime creatures (D:13)
  Prince Ribbit (D:7)
  2 blink frogs (Lair:5)
  A spriggan (Lair:5)
  10 yaks
  A water elemental (Elf:1)
  2 wyverns (Lair:5)
  A wraith (D:10)
  A small abomination (Lair:5)
  2 golden eyes (Slime:1)
  A basilisk (Lair:5)
  2 humans
  A death yak simulacrum (IceCv)
  5 nagas
  Duvessa (D:7)
  A water moccasin (Lair:5)
  13 orc warriors
  A sky beast (D:6)
  2 ogres
  6 centaurs
  2 scorpions (D:5)
  A necrophage (D:6)
  2 wights (D:10)
  2 killer bees (D:8)
  A gnoll bouda (D:4)
  A hound (D:5)
  An orc priest (Orc:2)
  Crazy Yiuf (D:7)
  2 iguanas
  2 orc wizards
  An adder (D:6)
  6 gnolls
  An orc (D:7)
  71 fungi
  99 plants
  2 tentacles (Shoals:1)
  4 withered plants (D:11)
324 creatures vanquished.

Grand Total: 1464 creatures vanquished

Notes
Turn   | Place    | Note
-------+----------+-------------------------------------------
     0 | D:1      | erker the Octopode Summoner began the quest for the Orb.
     0 | D:1      | Reached XP level 1. HP: 11/11 MP: 3/3
   460 | D:1      | Reached XP level 2. HP: 17/17 MP: 1/5
  1820 | D:2      | Reached XP level 3. HP: 19/21 MP: 4/6
  1824 | D:2      | Learned a level 3 spell: Call Canine Familiar
  2257 | D:2      | Reached skill level 5 in Summonings
  2589 | D:3      | Found a hide-covered altar of Uskayaw.
  2757 | D:3      | Found a sacrificial altar of Ru.
  2795 | D:3      | Noticed Jessica
  2803 | D:3      | Killed Jessica
  2804 | D:3      | Reached XP level 4. HP: 27/27 MP: 1/7
  2875 | D:3      | Found a shimmering altar of Xom.
  3084 | D:3      | Noticed Robin
  3098 | D:3      | Killed Robin
  3313 | D:4      | Noticed a phantom
  3319 | D:4      | Learned a level 3 spell: Summon Guardian Golem
  3341 | D:4      | Killed a phantom
  3342 | D:4      | Reached XP level 5. HP: 31/31 MP: 1/8
  3403 | D:4      | Found Veaf's Fire Supplies.
  3509 | D:4      | Reached XP level 6. HP: 36/36 MP: 6/9
  3671 | D:4      | Found a shimmering blue altar of Sif Muna.
  3840 | D:4      | Found a burning altar of Makhleb.
  4181 | D:5      | Entered Level 5 of the Dungeon
  4271 | D:5      | Found Geraopue's Antique Weapon Emporium.
  4464 | D:5      | Reached XP level 7. HP: 41/41 MP: 8/10
  4807 | D:5      | Found a staircase to the Ecumenical Temple.
  4813 | Temple   | Entered the Ecumenical Temple
  5131 | D:5      | Found a bloodstained altar of Trog.
  5332 | D:5      | Reached skill level 1 in Hexes
  5714 | D:5      | Reached XP level 8. HP: 43/46 MP: 12/12
  6264 | D:6      | Reached skill level 10 in Summonings
  6646 | D:6      | Reached XP level 9. HP: 51/51 MP: 15/15
  7308 | D:7      | Noticed Prince Ribbit
  7315 | D:7      | Learned a level 4 spell: Summon Lightning Spire
  7329 | D:7      | Killed Prince Ribbit
  7330 | D:7      | Reached skill level 1 in Fighting
  7330 | D:7      | Reached skill level 1 in Unarmed Combat
  7552 | D:7      | Noticed Dowan
  7553 | D:7      | Noticed Duvessa
  7559 | D:7      | Killed Dowan
  7560 | D:7      | Reached skill level 1 in Air Magic
  7566 | D:7      | Killed Duvessa
  8120 | D:7      | Found a runed translucent door.
  8121 | D:7      | Noticed Crazy Yiuf
  8140 | D:7      | Killed Crazy Yiuf
  8777 | D:8      | Reached skill level 5 in Spellcasting
  9291 | D:9      | Reached XP level 10. HP: 63/63 MP: 11/17
  9784 | D:9      | Found a broken altar of Ashenzari.
 10219 | D:10     | Entered Level 10 of the Dungeon
 10297 | D:10     | Noticed a two-headed ogre
 10311 | D:10     | Killed a two-headed ogre
 10421 | D:10     | Noticed a deep elf pyromancer
 10429 | D:10     | Killed a deep elf pyromancer
 10592 | D:10     | Reached skill level 5 in Unarmed Combat
 10593 | D:10     | Reached skill level 5 in Fighting
 10762 | D:10     | Reached XP level 11. HP: 72/72 MP: 11/20
 10991 | D:10     | Found a staircase to the Orcish Mines.
 11405 | D:10     | Found an ornate altar of the Wu Jian Council.
 11405 | D:10     | Found a snail-covered altar of Cheibriados.
 11407 | D:10     | Found an opulent altar of Gozag.
 11407 | D:10     | Found a hazy altar of Hepliaklqana.
 11424 | D:10     | Became a worshipper of Gozag Ym Sagoz the Greedy
 11763 | D:11     | Noticed a boulder beetle
 11792 | D:11     | Killed a boulder beetle
 12078 | D:11     | Noticed a manticore
 12216 | D:11     | Found a staircase to the Lair.
 12237 | D:11     | Reached skill level 5 in Dodging
 12359 | D:11     | Killed a manticore
 12462 | D:11     | Found an ancient bone altar of Kikubaaqudgha.
 12803 | D:11     | Learned a level 1 spell: Apportation
 12826 | D:11     | Reached skill level 1 in Evocations
 13089 | D:12     | Reached skill level 1 in Conjurations
 13089 | D:12     | Reached skill level 1 in Translocations
 13120 | D:12     | Noticed a cyclops
 13330 | D:12     | Noticed a manticore
 13337 | D:12     | Noticed Maurice
 13352 | D:12     | Killed Maurice
 13360 | D:12     | Killed a manticore
 13361 | D:12     | Reached XP level 12. HP: 63/79 MP: 14/24
 13493 | D:12     | Noticed a six-headed hydra
 13562 | D:12     | Killed a six-headed hydra
 13778 | D:12     | Reached skill level 5 in Air Magic
 14041 | D:12     | Noticed a two-headed ogre
 14041 | D:12     | Noticed a two-headed ogre
 14049 | D:12     | Killed a two-headed ogre
 14060 | D:12     | Killed a two-headed ogre
 14107 | D:12     | Found the +12 pair of quick blades "Gyre" and "Gimble"
                  | {protect}
 14337 | D:13     | Noticed a centaur warrior
 14499 | D:13     | Killed a centaur warrior
 14661 | D:13     | Reached skill level 5 in Translocations
 14944 | D:13     | Noticed a tengu warrior
 14971 | D:13     | Noticed a centaur warrior
 15068 | D:13     | Killed a tengu warrior
 15386 | D:13     | Killed a centaur warrior
 15889 | D:13     | Reached XP level 13. HP: 68/83 MP: 16/26
 16151 | D:13     | Learned a level 4 spell: Cause Fear
 16742 | D:14     | Noticed a vault guard
 16866 | D:14     | Killed a vault guard
 16876 | D:14     | Paralysed by an ogre mage for 4 turns
 17052 | D:14     | Noticed a vault guard
 17058 | D:14     | Reached skill level 10 in Spellcasting
 17322 | D:14     | Killed a vault guard
 17462 | D:14     | Found a gate to the Vaults.
 17462 | D:14     | Noticed a vault guard
 17462 | D:14     | Noticed a vault guard
 17470 | D:14     | Killed a vault guard
 17482 | D:14     | Killed a vault guard
 18081 | Lair:1   | Entered Level 1 of the Lair of Beasts
 18097 | Lair:1   | Found a gate leading to a gauntlet.
 18144 | Gauntlet | Entered a Gauntlet
 18144 | Gauntlet | Found a transporter.
 18151 | Gauntlet | Found a transporter.
 18154 | Gauntlet | Found a transporter.
 18155 | Gauntlet | Found a transporter.
 18163 | Gauntlet | Found a transporter.
 18166 | Gauntlet | Found a transporter.
 18167 | Gauntlet | Found a transporter.
 18176 | Gauntlet | Found a transporter.
 18178 | Gauntlet | Found a transporter.
 18179 | Gauntlet | Found a transporter.
 18187 | Gauntlet | Found a transporter.
 18190 | Gauntlet | Found a transporter.
 18191 | Gauntlet | Found a transporter.
 18199 | Gauntlet | Found a transporter.
 18441 | Gauntlet | Paralysed by a floating eye for 3 turns
 18517 | Gauntlet | Reached skill level 1 in Short Blades
 18527 | Gauntlet | Paralysed by a floating eye for 2 turns
 18530 | Gauntlet | Paralysed by a floating eye for 4 turns
 18630 | Gauntlet | Paralysed by you for 2 turns
 18768 | Gauntlet | Noticed a minotaur
 18779 | Gauntlet | Killed a minotaur
 18805 | Gauntlet | Got the Incunable of Blasts
 19934 | Lair:2   | Found a staircase to the Snake Pit.
 20174 | Lair:2   | Found an iron altar of Okawaru.
 20285 | Lair:2   | Found a staircase to the Shoals.
 20456 | Lair:2   | Found an ornate altar of the Wu Jian Council.
 20456 | Lair:2   | Found a hide-covered altar of Uskayaw.
 21400 | Lair:3   | Reached XP level 14. HP: 90/90 MP: 14/28
 21555 | Lair:3   | Reached skill level 5 in Hexes
 21911 | Lair:4   | Noticed Nessos
 22015 | Lair:4   | Killed Nessos
 22177 | Lair:4   | Identified the +7 dagger of Cehaqyliz {elec, Str+2}
 22263 | Lair:4   | Found a viscous altar of Jiyva.
 22265 | Lair:4   | Found a staircase to the Slime Pits.
 22296 | Lair:4   | Noticed Rupert
 22325 | Lair:4   | Killed Rupert
 22989 | Lair:5   | Entered Level 5 of the Lair of Beasts
 23045 | Lair:5   | Reached skill level 5 in Short Blades
 23218 | Lair:5   | Found a shimmering altar of Xom.
 25177 | Lair:5   | Found a corrupted altar of Lugonu.
 25177 | Lair:5   | Found a one-way gate to the infinite horrors of the Abyss.
 25237 | Lair:5   | Identified the +8 shortbow "Concordance" {vorpal, Int+3
                  | Dex+4}
 25365 | Lair:5   | Learned a level 3 spell: Ignite Poison
 25541 | Orc:1    | Entered Level 1 of the Orcish Mines
 25733 | Orc:1    | Found a frozen archway.
 25746 | Orc:1    | Reached skill level 1 in Transmutations
 25786 | Orc:1    | Reached XP level 15. HP: 99/99 MP: 5/30
 25854 | IceCv    | Entered an ice cave
 26613 | IceCv    | Learned a level 2 spell: Passwall
 26979 | Orc:2    | Entered Level 2 of the Orcish Mines
 27563 | Orc:2    | Found Mehaq's Armour Emporium.
 27563 | Orc:2    | Found Huahat's Antique Weapon Boutique.
 27565 | Orc:2    | Found Lysexaes's Antique Armour Shop.
 27567 | Orc:2    | Found Odidor's Distillery.
 27606 | Orc:2    | Bought a potion of curing for 39 gold pieces
 27606 | Orc:2    | Bought a potion of heal wounds for 65 gold pieces
 27606 | Orc:2    | Bought a potion of curing for 39 gold pieces
 27721 | Orc:2    | Noticed Donald
 27732 | Orc:2    | Killed Donald
 27982 | Orc:2    | Found a staircase to the Elven Halls.
 28836 | D:14     | Bought a book of Sloth for 612 gold pieces
 28843 | D:14     | Learned a level 6 spell: Statue Form
 28851 | D:14     | Bought the ring of Yrirphai {rC+ Int+6} for 650 gold pieces
 28851 | D:14     | Bought a ring of wizardry for 390 gold pieces
 28983 | Snake:1  | Entered Level 1 of the Snake Pit
 29045 | Snake:1  | Reached skill level 1 in Earth Magic
 29524 | Snake:1  | Reached skill level 5 in Transmutations
 30022 | Snake:1  | Identified the +9 hand axe "Concordance" {flame, Drain rC+
                  | Dex+3 Stlth+}
 30694 | Snake:2  | Reached skill level 5 in Earth Magic
 30944 | Snake:2  | Noticed Nikola
 30960 | Snake:2  | Noticed Asterion
 31263 | Orc:2    | Bought a runed orb for 408 gold pieces
 31630 | Snake:2  | Noticed Aizul
 31645 | Snake:2  | Killed Aizul
 31687 | Snake:2  | Reached XP level 16. HP: 105/105 MP: 27/32
 32127 | Snake:3  | Noticed Louise
 32144 | Snake:3  | Killed Louise
 32214 | Snake:3  | Learned a level 4 spell: Petrify
 32519 | Snake:3  | Noticed a nagaraja
 32545 | Snake:3  | Killed a nagaraja
 32641 | Snake:3  | Found Duocheyr's Jewellery Emporium.
 32643 | Snake:3  | Found Vuun Lua's General Store.
 32645 | Snake:3  | Found Itytz's Antique Weapon Emporium.
 32655 | Snake:3  | Bought a scroll of vulnerability for 52 gold pieces
 32655 | Snake:3  | Bought a scroll of amnesia for 52 gold pieces
 32978 | Snake:4  | Entered Level 4 of the Snake Pit
 33120 | Snake:4  | Found an iron altar of Okawaru.
 33160 | Snake:4  | Noticed a nagaraja
 33178 | Snake:4  | Killed a nagaraja
 33185 | Snake:4  | Found Payro Haoneo's Book Emporium.
 33193 | Snake:4  | Bought a book of the Wilderness for 532 gold pieces
 33199 | Snake:4  | Learned a level 5 spell: Summon Mana Viper
 33650 | Snake:4  | Noticed a nagaraja
 33677 | Snake:4  | Killed a nagaraja
 33692 | Snake:4  | Reached skill level 10 in Transmutations
 34047 | Snake:4  | Noticed a nagaraja
 34061 | Snake:4  | Killed a nagaraja
 34564 | Snake:4  | Reached skill level 10 in Earth Magic
 34582 | Snake:4  | Noticed a nagaraja
 34596 | Snake:4  | Killed a nagaraja
 34609 | Snake:4  | Got a serpentine rune of Zot
 34805 | Snake:4  | Reached XP level 17. HP: 71/109 MP: 5/33
 35032 | Snake:4  | Learned a level 6 spell: Summon Cactus Giant
 35123 | Snake:2  | Killed Nikola
 35246 | Snake:2  | Gained mutation: You are weak. (Str -2) [a cacodemon]
 35435 | Shoals:1 | Entered Level 1 of the Shoals
 35618 | Shoals:1 | Noticed Josephine
 35622 | Shoals:1 | Killed Josephine
 35862 | Shoals:1 | Identified a scroll of acquirement
 35936 | Shoals:1 | Noticed a kraken
 35947 | Shoals:1 | Killed a kraken
 36616 | Shoals:2 | Noticed Ilsuiw
 36676 | Shoals:2 | Killed Ilsuiw
 37169 | Shoals:2 | Found Tasuces's Vocational Training.
 37205 | Shoals:2 | Identified the ring "Igeag" {rC+ MP+9 Stlth+}
 38448 | Shoals:3 | Noticed Kirke
 38455 | Shoals:3 | Killed Kirke
 39073 | Shoals:4 | Entered Level 4 of the Shoals
 39119 | Shoals:4 | Noticed Mlioglotl
 39158 | Shoals:4 | Paralysed by accursed screaming for 1 turns
 39161 | Shoals:4 | Killed Mlioglotl
 39370 | Shoals:4 | Noticed a sphinx
 39377 | Shoals:4 | Killed a sphinx
 39383 | Shoals:4 | Reached XP level 18. HP: 117/117 MP: 30/34
 39611 | Shoals:4 | Got a barnacled rune of Zot
 40672 | D:15     | Entered Level 15 of the Dungeon
 40696 | D:15     | Found a shadowy altar of Dithmenos.
 40794 | D:15     | Found Muont's Book Boutique.
 41194 | D:15     | Found a staircase to the Depths.
 41540 | D:15     | Acquired the Directory of the Productive Figure
 41543 | D:15     | Acquired the ring "Peihoq" {rF+ rN+ Will+ Int+6 Dex+3}
 41552 | D:15     | Acquired 539 gold pieces
 41563 | D:15     | Learned a level 7 spell: Storm Form
 41936 | Snake:3  | Bought a scroll of amnesia for 52 gold pieces
 42242 | Elf:1    | Entered Level 1 of the Elven Halls
 42370 | Elf:1    | Found a crumbling gateway.
 42392 | Desolati | Entered the Desolation of Salt
 42491 | Desolati | Reached skill level 10 in Air Magic
 42772 | Elf:1    | Paralysed by an air elemental for 1 turns
 42797 | Elf:1    | Reached XP level 19. HP: 81/124 MP: 37/37
 43010 | Elf:1    | Learned a level 5 spell: Manifold Assault
 43077 | Elf:1    | Identified the +7 falchion of the Thirteen Stars {vorpal,
                  | Fragile Str+4}
 43611 | Elf:2    | Found a shimmering blue altar of Sif Muna.
 43696 | Elf:2    | Identified the ring of Doiked {rN+++ Will- Str+5 Int+6
                  | Dex-2}
 43897 | Elf:2    | Reached skill level 10 in Fighting
 44500 | Elf:2    | Found Boapoic's Weapon Shoppe.
 44501 | Elf:2    | Found a portal to a secret trove of treasure.
 44626 | Elf:2    | Found a corrupted altar of Lugonu.
 44915 | Elf:2    | Found a runed translucent gate.
 44915 | Elf:2    | Found a runed translucent gate.
 44915 | Elf:2    | Found a runed translucent gate.
 44976 | Elf:3    | Entered Level 3 of the Elven Halls
 45068 | Elf:3    | Reached skill level 10 in Unarmed Combat
 45661 | Elf:3    | Found an ancient bone altar of Kikubaaqudgha.
 46037 | Elf:3    | Noticed a Tzitzimitl
 46117 | Elf:3    | Identified the ring "Zietic Huq" {rC+ rN+ SInv}
 46424 | Elf:3    | Noticed a Tzitzimitl
 46575 | Elf:3    | Noticed a Tzitzimitl
 47216 | Elf:3    | Identified the +1 pair of gloves of Death's Door {rC-
                  | Will++ Regen+ Str+4}
 47830 | D:14     | Bought the Treatise on Dynamic Dark Rites for 690 gold
                  | pieces
 47834 | D:14     | Bought a ring of resist corrosion for 260 gold pieces
 47987 | Slime:1  | Entered Level 1 of the Pits of Slime
 48043 | Slime:1  | Gained mutation: Your body sometimes deteriorates upon
                  | taking damage. [a shining eye]
 48244 | Slime:1  | Reached XP level 20. HP: 133/133 MP: 38/38
 48404 | Slime:2  | Gained mutation: Your magical capacity is low. (-10% MP) [a
                  | shining eye]
 49484 | Slime:3  | Gained mutation: You occasionally lose the ability to drink
                  | potions when taking damage. [a shining eye]
 49793 | Slime:5  | Entered Level 5 of the Pits of Slime
 50810 | Slime:5  | HP: 4/175 [acid (8)]
 50916 | Slime:5  | Noticed the Royal Jelly
 50991 | Slime:4  | Lost mutation: Your magical capacity is low. (-10% MP)
                  | [potion of mutation]
 50991 | Slime:4  | Lost mutation: You occasionally lose the ability to drink
                  | potions when taking damage. [potion of mutation]
 50991 | Slime:4  | Lost mutation: Your body sometimes deteriorates upon taking
                  | damage. [potion of mutation]
 50991 | Slime:4  | Gained mutation: You sometimes lose your temper in combat.
                  | [potion of mutation]
 51305 | Slime:5  | Reached skill level 5 in Evocations
 51504 | Slime:5  | Found a viscous altar of Jiyva.
 51543 | Slime:5  | Reached skill level 15 in Summonings
 52030 | Slime:5  | Killed the Royal Jelly
 52031 | Slime:5  | Reached skill level 10 in Dodging
 52164 | Slime:5  | Got a slimy rune of Zot
 52177 | Slime:5  | Identified the +1 helmet "Qenocat" {Rampage rElec Dex-3}
 52202 | Slime:5  | Identified the ring "Fekkalog" {rF+ SInv Stlth+}
 52214 | Slime:5  | Identified the +3 rapier "Juijafar" {flame, rC+++ Dex-2
                  | SInv Stlth+}
 52233 | Slime:5  | Identified the +6 quarterstaff of Yssioc {flame, rElec
                  | rPois rC+++ Str-5}
 52272 | Slime:5  | Identified the +6 trident of Uppocuha {flame, rC++}
 52292 | Slime:5  | Identified the +11 falchion of the Exiled Allies {vorpal,
                  | Fragile rPois SInv}
 52318 | Slime:5  | Acquired the +2 hood of the Assassin {Detection Stab+
                  | Stlth++}
 52318 | Slime:5  | Found the +2 hood of the Assassin {Detection Stab+ Stlth++}
 52595 | Temple   | Fell from the grace of Gozag
 52595 | Temple   | Became a worshipper of the Shining One
 52823 | Vaults:1 | Entered Level 1 of the Vaults
 52844 | Vaults:1 | Reached XP level 21. HP: 141/141 MP: 35/39
 52949 | Vaults:1 | Identified the +1 robe of Zulophun {rCorr Str-3 Dex+3
                  | Archmagi}
 53371 | Vaults:1 | Reached skill level 15 in Spellcasting
 53478 | Vaults:1 | Learned a level 5 spell: Irradiate
 53513 | Vaults:1 | Found the +2 Maxwell's thermic engine {flame, freeze}
 53532 | Vaults:1 | Reached * piety under the Shining One
 53545 | Vaults:1 | Reached skill level 1 in Invocations
 53579 | Vaults:1 | HP: 8/184 [red very ugly thing (14)]
 53583 | Vaults:1 | Slain by a purple very ugly thing

Illustrated notes

Levels and vault maps discovered:
D:1:      roderic_octagonal_star, layout_basic, serial_forest,
          infiniplex_forest_straight_4, infiniplex_forest_lined_corner,
          infiniplex_forest_clump_small, infiniplex_forest_lined_room_,
          infiniplex_forest_lined_room_2, infiniplex_forest_end_3,
          infiniplex_forest_end_2, infiniplex_forest_straight_4
D:2:      layout_basic, serial_forest, infiniplex_forest_clump_cross,
          infiniplex_forest_clump_small, infiniplex_forest_clump_tiny,
          infiniplex_forest_end_2
D:3:      layout_rooms, mainiacjoe_overflow_alcove_1,
          nicolae_overflow_crystal_walls,
          mainiacjoe_overflow_concentric_impassable, uniq_jessica, uniq_robin
D:4:      layout_rooms, pf_just_have_faith, overflow_temple_1_default,
          nicolae_shop_fire_sale [nicolae_sub_dead_trees]
D:5:      minmay_evil_eye, layout_loops_corners, lightli_temple_of_fire,
          minmay_temple_entry_fiery, serial_shops, nicolae_shop_stone
D:6:      layout_loops_ring
D:7:      layout_loops_ring, hangedman_decor_diamond_cutter,
          uniq_crazy_yiuf_cottage, uniq_duvessa, uniq_prince_ribbit1
D:8:      layout_gridville
D:9:      layout_loops_ring, cheibrodos_ashenzari_chains
D:10:     layout_loops_ring, mainiacjoe_overflow_alcove_3, david_orc_1_choice
D:11:     layout_stronghold, due_lair_maze_entry_diamond,
          kiku_gazebo_garden_becter
D:12:     layout_roguey, hellmonk_guarded_unrand_gyre_and_gimble, uniq_maurice
D:13:     layout_irregular_city, minmay_misc_feat_pillars
D:14:     layout_loops_ring, grunt_vaults_entry_fortified,
          infiniplex_staircase_hallway_doors
D:15:     gammafunk_enter_depths_forms, layout_basic, serial_shops, shop,
          grunt_dithmenos_smoke_and_mirrors
Temple:   nicolae_temple_bog_church
Lair:1:   layout_cellular_growth, gauntlet_entry_generic
Lair:2:   layout_gridlike, elwin_shoals_entry_rocks,
          guppyfry_snake_entry_garden, basic_altar, minivault_25,
          nzn_masters_of_martial_movement
Lair:3:   layout_cave_pods, serial_bayou_shore_b
Lair:4:   layout_concentric_octagons, slime_entry_1, grunt_megastairs_3,
          uniq_nessos, uniq_rupert
Lair:5:   hellmonk_lair_end_abyssal_woods, layout_regular_city, basic_altar,
          grunt_megastairs_5, serial_bayou_shore_a
Shoals:1: layout_shoals, uniq_josephine
Shoals:2: layout_shoals, nicolae_shop_vocational, uniq_ilsuiw
Shoals:3: layout_shoals, uniq_kirke
Shoals:4: shoals_end_hellmonk_lost_city, uniq_mlioglotl
Snake:1:  layout_gridlike
Snake:2:  layout_grid_shapes, hangedman_snake_corridor_cut, uniq_nikola,
          uniq_aizul, uniq_asterion
Snake:3:  layout_basic, drop_trap, minmay_shop_star, uniq_louise
Snake:4:  johnstein_snake_rune_scales, layout_gridlike, basic_altar,
          serial_shops, shop, st_stairs_3, nicolae_triple_integral
Slime:1:  cheibrodos_slime_lost_civilization_2, layout_caves
Slime:2:  layout_caves
Slime:3:  layout_caves
Slime:4:  layout_caves
Slime:5
Orc:1:    layout_diamond_mine, portal_ice_cave_rime
Orc:2:    st_orc_rangers, layout_caves, lightli_orcish_oven, uniq_donald
Elf:1:    nicolae_elf_arrival_fired_up, layout_gridlike,
          portal_desolation_entry_salt, evilmike_minifort,
          minmay_misc_feat_diagonals
Elf:2:    elven_hall_of_blades_hangedman_original [mumra_blade_entry_dagger],
          layout_loops_corners, serial_shops, shop,
          nicolae_trove_entry_isolated, corexii_checkpoint_a,
          lemuel_statue_altar, nicolae_elf_theology_debate
Elf:3:    elf_hall_gauntlet_wide, layout_gridlike, basic_altar
Vaults:1: grunt_vaults_funneled_arena, v_misc_1, vaults_dpeg_emergency_exit,
          nicolae_vaults_arrows, grunt_vaults_focal, layout_vaults_omnicross

Skill      XL: |  1  2  3  4  5  6  7  8  9 10 11 12 13 14 15 16 17 18 19 20 21 |
---------------+----------------------------------------------------------------+-----
Summonings     | 5 6 7 8 11 12 13 14 15 | 15.3
Hexes          | 2 4 6 |  6.0
Spellcasting   | 3 4 5 6 8 9 10 11 12 14 15 | 15.0
Fighting       | 3 5 6 8 9 10 11 | 11.8
Unarmed Combat | 3 5 6 7 8 10 11 | 11.8
Air Magic      | 3 4 6 8 11 12 13 | 13.7
Dodging        | 3 6 7 8 10 | 10.3
Evocations     | 2 4 5 6 |  6.0
Conjurations   | 1 2 4 |  4.0
Translocations | 2 6 7 |  7.1
Short Blades   | 4 7 8 |  8.2
Transmutations | 1 7 11 14 | 14.0
Earth Magic    | 5 10 | 10.0
Stealth        | 4 |  4.3
Invocations    | 1 |  1.2

Action                   |  1- 3 |  4- 6 |  7- 9 | 10-12 | 13-15 | 16-18 | 19-21 || total
-------------------------+-------+-------+-------+-------+-------+-------+-------++-------
Melee: Unarmed           |     5 |       |       |       |       |    52 |   421 ||   478
       Tentacles         |    58 |     7 |    14 |    14 |    50 |   195 |   129 ||   467
       Constrict         |     9 |     7 |    14 |     8 |    30 |   119 |    29 ||   216
       Spear             |   184 |    54 |    76 |       |       |       |       ||   314
       Punch             |     3 |     5 |     1 |     4 |    15 |    42 |    74 ||   144
       Trident           |       |       |       |    43 |     3 |       |       ||    46
       Pair of quick bla |       |       |       |       |   149 |   540 |   168 ||   857
       Staff             |       |       |       |       |     3 |    15 |    44 ||    62
       Dagger            |       |       |       |       |       |       |     7 ||     7
Throw: Dart              |       |       |       |       |     1 |       |     2 ||     3
 Cast: Summon Small Mamm |    41 |    10 |     1 |     4 |    15 |       |       ||    71
       Call Canine Famil |     2 |     8 |    35 |    51 |   152 |    51 |       ||   299
       Summon Guardian G |       |     9 |    31 |    70 |   205 |    54 |    13 ||   382
       Summon Lightning  |       |       |     8 |    61 |   143 |    47 |    28 ||   287
       Cause Fear        |       |       |       |       |     2 |       |       ||     2
       Statue Form       |       |       |       |       |     7 |    66 |    49 ||   122
       Summon Mana Viper |       |       |       |       |       |    63 |    33 ||    96
       Petrify           |       |       |       |       |       |     8 |       ||     8
       Passwall          |       |       |       |       |       |     2 |     6 ||     8
       Summon Cactus Gia |       |       |       |       |       |    46 |    85 ||   131
       Storm Form        |       |       |       |       |       |     5 |    28 ||    33
       Manifold Assault  |       |       |       |       |       |       |    75 ||    75
       Apportation       |       |       |       |       |       |       |    29 ||    29
       Ignite Poison     |       |       |       |       |       |       |     1 ||     1
       Irradiate         |       |       |       |       |       |       |     6 ||     6
Invok: Call Merchant     |       |       |       |       |     3 |     2 |     2 ||     7
 Abil: End Transformatio |       |       |       |       |       |     2 |     7 ||     9
       Blinkbolt         |       |       |       |       |       |       |     1 ||     1
Evoke: Wand              |       |       |       |       |     5 |     4 |     3 ||    12
       Condenser vane    |       |       |       |       |       |       |     1 ||     1
  Use: Scroll            |       |       |       |     1 |    26 |    15 |    13 ||    55
       Potion            |       |       |       |       |     6 |    10 |     6 ||    22
 Stab: Sleeping          |     6 |     4 |     6 |     1 |     4 |     5 |     4 ||    30
       Distracted        |     1 |       |       |     2 |     5 |    12 |     7 ||    27
       Petrified         |       |       |       |       |       |    10 |       ||    10
Armor: Skin              |    11 |     3 |     5 |     6 |    28 |   425 |   371 ||   849
Dodge: Dodged            |    29 |    26 |    45 |    72 |   171 |   543 |   531 ||  1417
